 Dungeon Crawl Stone Soup version 0.18.1-8-gdd0e5ea (webtiles) character file.

91 matakusis the Sneak (level 4, -7/30 HPs)
             Began as a Vampire Enchanter on June 5, 2016.
             Mangled by Uberwunderbarhen's ghost (12 damage)
             ... in a sewer.
             The game lasted 00:12:00 (2862 turns).

matakusis the Sneak (Vampire Enchanter)             Turns: 2862, Time: 00:12:01

Health: -7/30      AC:  5    Str:  7    XL:     4   Next: 34%
Magic:  1/7        EV: 13    Int: 17    God:
Gold:   93         SH:  0    Dex: 15    Spells: 3 memorised, 1 level left

rFire  . . .     SeeInvis +     a - +1 dagger
rCold  . . .     Gourm    .     b - +1 robe
rNeg   . . .     Faith    .     (no shield)
rPois  .         Spirit   .     (no helmet)
rElec  .         Dismiss  .     (no cloak)
rCorr  .         Reflect  .     e - +1 pair of gloves {archery}
SustAt .         Harm     .     (no boots)
MR     .....                    (no amulet)
Stlth  ++........               (no ring)
                                (no ring)

@: regenerating quickly, not resistant to hostile enchantments, unstealthy
A: fangs 3, see invisible, unbreathing
a: no special abilities


You were in a sewer.
You were full.

You visited 1 branch of the dungeon, and saw 3 of its levels.
You also visited: Sewer.

You collected 93 gold pieces.

Inventory:

Hand Weapons
 a - a +1 dagger (weapon)
Missiles
 h - 30 stones (quivered)
Armour
 b - a +1 robe (worn)
 e - a +1 pair of gloves of archery (worn)
Jewellery
 g - a cursed amulet of inaccuracy {unknown}
 r - a +1 ring of slaying {unknown}
Scrolls
 i - 2 scrolls of remove curse
 j - a scroll of amnesia {unknown}
 k - a scroll of enchant armour {unknown}
 l - 2 scrolls of identify {unknown}
 m - a scroll of random uselessness {unknown}
 n - a scroll of recharging {unknown}
 p - a scroll of teleportation {unknown}
 q - a scroll of enchant weapon {unknown}
Potions
 d - 7 potions of blood
 f - 2 potions of curing {unknown}
 o - a potion of heal wounds {unknown}
Books
 c - a book of Maledictions

   Spells                             Type                      Level
   a - Corona                         Hexes                        1
   b - Ensorcelled Hibernation        Hexes/Ice                    2
   c - Confuse                        Hexes                        3
   d - Tukima's Dance                 Hexes                        3
   e - Dazzling Spray                 Conjuration/Hexes            3


   Skills:
 + Level 1.1 Short Blades
 + Level 2.3 Dodging
 * Level 6.4 Stealth
 + Level 2.5 Spellcasting
 + Level 5.5 Hexes


You had one spell level left.
You knew the following spells:

 Your Spells              Type           Power        Failure   Level  Hunger
a - Corona                Hex            ###....      1%          1    #......
b - Confuse               Hex            ###.....     8%          3    ###....
c - Tukima's Dance        Hex            ###.....     8%          3    ###....


Dungeon Overview and Level Annotations

Branches:
Dungeon (3/15)

Altars:
Elyvilon
Trog

Annotations:
Sewer Uberwunderbarhen's ghost, amateur MiBe


Innate Abilities, Weirdness & Mutations

Your natural rate of healing is unusually fast.
You have razor-sharp teeth.
You have supernaturally acute eyesight.
You can survive without breathing.


Message History

Aiming: Confuse
Press: ? - help, Shift-Dir - straight line, f/p - Uberwunderbarhen's ghost
Aim: Uberwunderbarhen's ghost, wielding a vampiric weapon (chance to defeat MR: 32%) Uberwunderbarhen's ghost easily resists.
Uberwunderbarhen's ghost hits you. The giant newt misses you.
Uberwunderbarhen's ghost barely misses you.
You enter the shallow water.
Moving in this stuff is going to be slow.
You enter the shallow water.
Moving in this stuff is going to be slow.
An adder comes into view.
Your unstable footing causes you to fumble your attack.
Uberwunderbarhen's ghost hits you! The giant newt bites you.
Your unstable footing causes you to fumble your attack.
Uberwunderbarhen's ghost hits you!
* * * LOW HITPOINT WARNING * * *
The giant newt bites you but does no damage.
Uberwunderbarhen's ghost hits you but does no damage.
Uberwunderbarhen's ghost hits you!
You die...

##≈≈≈#≈###≈##
≈≈#≈≈≈≈≈≈#≈≈≈≈###
≈≈≈≈≈≈≈≈≈≈≈≈≈≈≈≈≈###
≈≈≈≈≈≈≈≈≈≈≈≈≈≈≈≈≈≈≈###
≈≈≈≈≈≈≈≈≈≈≈≈≈≈≈≈≈≈≈≈≈#
≈≈≈≈≈≈≈≈≈≈≈≈≈≈≈≈≈≈≈≈≈≈
≈≈≈≈≈≈≈≈≈≈≈.l≈≈≈≈≈≈≈≈#
≈≈≈≈≈≈≈≈≈≈≈.#W≈≈≈≈≈≈≈≈
≈≈≈..≈≈≈≈.###.@S≈≈≈≈≈≈
≈..##∩∩.## ##.≈≈≈≈≈≈≈
##### ##.≈≈≈≈≈≈
≈≈≈≈≈≈≈ ##.≈≈≈≈ ≈≈≈≈≈
≈≈≈≈ ≈≈≈≈


You could see Uberwunderbarhen's ghost, an adder and a giant newt.

Vanquished Creatures
  An adder (D:2)
  An ooze (D:2)
  5 worms (D:2)
  3 dart slugs
  4 giant geckos
  3 ball pythons
  A giant cockroach (D:3)
  7 goblins
  7 hobgoblins
  A quokka (D:2)
  5 bats
  4 giant newts
  5 kobolds
  8 rats
55 creatures vanquished.

Vanquished Creatures (others)
  A quokka (D:2)
1 creature vanquished.

Grand Total: 56 creatures vanquished

Notes
Turn   | Place    | Note
--------------------------------------------------------------
     0 | D:1      | matakusis the Vampire Enchanter began the quest for the Orb.
     0 | D:1      | Reached XP level 1. HP: 13/13 MP: 3/3
   533 | D:1      | Reached skill level 5 in Stealth
   573 | D:1      | Reached XP level 2. HP: 17/19 MP: 1/5
  1287 | D:1      | Reached skill level 5 in Hexes
  1307 | D:1      | Reached XP level 3. HP: 24/24 MP: 6/6
  1496 | D:1      | Learned a level 3 spell: Confuse
  1984 | D:2      | Found a white marble altar of Elyvilon.
  2311 | D:2      | Reached XP level 4. HP: 30/30 MP: 7/7
  2316 | D:2      | Learned a level 3 spell: Tukima's Dance
  2463 | D:2      | Noticed a moth of wrath
  2466 | D:2      | Found a bloodstained altar of Trog.
  2477 | D:2      | Reached skill level 6 in Stealth
  2781 | D:3      | Found a glowing drain.
  2792 | Sewer    | Entered a sewer
  2846 | Sewer    | Noticed Uberwunderbarhen's ghost (amateur MiBe)
  2862 | Sewer    | Mangled by Uberwunderbarhen's ghost

Skill      XL: |  1  2  3  4 |
---------------+-------------+-----
Stealth        | 5 6 |  6.4
Hexes          | 5 |  5.5
Short Blades   | |  1.1
Dodging        | |  2.3
Spellcasting   | |  2.5

Action                   |  1- 3 |  4- 6 || total
-------------------------+-------+-------++-------
Melee: Dagger            |   107 |    47 ||   154
       Bite              |     6 |     4 ||    10
 Cast: Corona            |    19 |       ||    19
       Confuse           |     8 |    11 ||    19
  Use: Scroll            |     2 |       ||     2
       Potion            |       |     7 ||     7
 Stab: Sleeping          |    19 |     3 ||    22
       Confused          |     4 |     8 ||    12
Armor: Robe              |    26 |    16 ||    42
Dodge: Dodged            |    38 |    47 ||    85
